AoeStats
← [NICE_ASS] BigMasi

Four Lakes

509965980Analyzed
1v1 RM · 3d ago on Sep 28, 2026· 46m 17s· 2 players
Game mode
Random Map
Map size
Tiny (2 player)
Population
200
Speed
Normal
Resources
Standard
Victory
Conquest
Starting age
Dark Age
Ending age
Imperial Age
RankedLock teamsTeams togetherTeam positionsShared explorationLock speedFull tech treeHidden civsTurbo modeCheats
Victory
Defeat
🇺🇸 Italians · United States
1315
+16
🇨🇭 Varangians · Switzerland
1321
-16
Mr Tickles5
7:48 Loom
10:06 Feudal Age
10:36 Double-Bit Axe
13:07 Horse Collar
13:44 Fletching
14:00 Fishing Lines
18:57 Castle Age
18:17 Padded Archer Armor
18:57 Gold Mining
19:10 Crossbowman
19:50 Bodkin Arrow
20:11 Bow Saw
20:09 Gillnets
23:24 Stone Mining
24:15 Wheelbarrow
26:13 Ballistics
26:58 Hand Cart
26:33 Town Watch
32:12 Imperial Age
32:18 Arbalester
34:08 Chemistry
33:30 Thumb Ring
35:56 Bracer
37:30 Leather Archer Armor
38:30 Conscription
39:11 Bloodlines
39:02 Husbandry
39:14 Scale Barding Armor
38:31 Cavalier
42:40 Two-Man Saw
42:22 Chain Barding Armor
42:58 Forging
43:40 Plate Barding Armor
43:16 Forging
44:01 Ring Archer Armor
46:44 Iron Casting
46:13 Treadmill Crane
[NICE_ASS] BigMasi
7:51 Loom
11:04 Feudal Age
12:30 Double-Bit Axe
16:05 Castle Age
14:50 Scale Barding Armor
16:12 Forging
16:34 Bloodlines
17:13 Bow Saw
18:54 Husbandry
19:44 Horse Collar
22:27 Fishing Lines
24:46 Wheelbarrow
33:37 Imperial Age
32:51 Town Watch
34:16 Chain Barding Armor
33:58 Scale Mail Armor
34:34 Iron Casting
34:07 Squires
33:52 Gambesons
33:53 Arson
36:39 Fletching
44:53 Chain Mail Armor
46:21 Conscription
46:56 Plate Mail Armor
47:26 Blast Furnace
Connection lost

Rejoining the realm…

Still unreachable

The connection could not be restored.

Session expired

The server has moved on; the page needs a fresh start.